 Dungeon Crawl Stone Soup version 0.28-a0-503-g83f2989fac (webtiles) character file.

Game seed: 929345506763910222

1936 siradein the Covered (level 9, -13/44 (56) HPs)
             Began as a Gargoyle Fighter on Sept 20, 2021.
             Mangled by an ogre (20 damage)
             ... on level 7 of the Dungeon.
             The game lasted 00:13:16 (7044 turns).

siradein the Covered (Gargoyle Fighter)             Turns: 7044, Time: 00:13:16

HP:   -13/44 (56)   AC: 22    Str: 22    XL:     9   Next: 18%
MP:   9/9           EV:  6    Int:  9    God:
Gold: 281           SH:  6    Dex: 16    Spells: 8/8 levels left

rFire   . . .      SeeInvis .   a - +0 flail
rCold   . . .      Faith    .   c - +0 buckler
rNeg    + + .      Spirit   .   n - +0 plate armour
rPois   ∞          Reflect  .   q - +0 helmet
rElec   +          Harm     .   i - scarf {+Inv}
rCorr   .          Rampage  .   m - +0 pair of gloves
Will    .....                   (no boots)
Stlth   ..........              B - amulet of the acrobat
HPRegen 0.14/turn               l - +6 ring of dexterity
MPRegen 0.11/turn               p - ring of positive energy

@: studying Necromancy, heavily drained
A: sickness immunity, AC +6, negative energy resistance 1, electricity
resistance, torment resistance 1, petrification resistance
a: Evoke Invisibility


You were on level 7 of the Dungeon.
You visited 1 branch of the dungeon, and saw 7 of its levels.

You collected 281 gold pieces.

Inventory:

Hand Weapons
 a - a +0 flail (weapon)
Missiles
 f - 4 silver javelins (quivered)
 A - 2 throwing nets
Armour
 c - a +0 buckler (worn)
 i - a scarf of invisibility (worn)
 m - a +0 pair of gloves (worn)
 n - a +0 plate armour (worn)
 q - a +0 helmet (worn)
Jewellery
 b - a ring of resist corrosion
 l - a +6 ring of dexterity (left hand)
 p - a ring of positive energy (right hand)
 y - an amulet of guardian spirit
 B - an amulet of the acrobat (around neck)
Wands
 v - a wand of flame (9)
 x - a wand of paralysis (11)
Scrolls
 e - 3 scrolls of amnesia
 j - 5 scrolls of teleportation
 t - a scroll of fear
 w - a scroll of vulnerability {unknown}
 C - a scroll of holy word {unknown}
Potions
 d - 3 potions of might
 g - 3 potions of brilliance
 h - 5 potions of curing
 k - a potion of lignification
 o - 2 potions of flight {unknown}
 r - a potion of resistance {unknown}
 s - a potion of attraction {unknown}
 u - a potion of heal wounds {unknown}


   Skills:
 + Level 6.6 Fighting
 + Level 5.5 Maces & Flails
 + Level 6.6 Armour
 + Level 6.6 Shields
 + Level 4.4 Evocations


You had 8 spell levels left.
You didn't know any spells.
Your spell library contained the following spells:

 Spells                   Type           Power      Damage    Failure   Level
 Freeze                   Ice            0%         1d3       100%        1
 Frozen Ramparts          Ice            0%         1d2       100%        3
 Hailstorm                Conj/Ice       0%         3d3       100%        4


Dungeon Overview and Level Annotations

Branches:
Dungeon (7/15)
 Temple: D:4-7

Altars:


Innate Abilities, Weirdness & Mutations

You are immune to sickness and miasma.
Your stone body is resilient. (AC +6)
You are immune to poison.
You resist negative energy. (rN+)
You are resistant to electric shocks. (rElec)
You are resistant to unholy torment.
You are immune to petrification.


Message History

There is an open door here.
You now have 281 gold pieces (gained 11).
Done exploring.
Done exploring.
As you read the scroll of identify, it crumbles to dust.
t - a scroll of fear
As you read the scroll of identify, it crumbles to dust.
k - a potion of lignification
(D) Dungeon
Where to? (Enter - D:6, ? - help)
What level of the Dungeon? (default 1, ? - help)
You open the door.
There is an open door here.
There is an open door here.
There is a stone staircase leading down here.
You climb downwards.
There is a stone staircase leading up here.
Found 5 arrows.
You see here 5 arrows.
You open the door.
An ogre comes into view. It is wielding a +0 giant spiked club.
Found 7 gold pieces.
The ogre shouts!
There is an open door here.
You closely miss the ogre.
The ogre hits you with a +0 giant spiked club!!
You sock the ogre!
The ogre is heavily wounded.
You block the ogre's attack.
You hit the ogre but do no damage.
The ogre is heavily wounded.
You block the ogre's attack.
You hit the ogre but do no damage.
The ogre is heavily wounded.
The ogre hits you with a +0 giant spiked club!
* * * LOW HITPOINT WARNING * * *
You hit the ogre.
The ogre is severely wounded.
The ogre hits you with a +0 giant spiked club!!
You die...

...... ..... .#
.... .# ..O .# ..
.# #####. .#
##.....##### .#
#..........#####.#
#..........'.O@..#
#..........#######
...........#
...........#
...........#
...........#
$..........######
#####........#
#######.##


You could see an ogre.

Vanquished Creatures
  A yak (D:6)
  A vampire mosquito (D:6)
  Menkaure (D:5)
  Duvessa (D:6)
  An orc warrior (D:6)
  3 water moccasins
  An ice beast (D:5)
  A necrophage (D:4)
  4 ogres
  Dowan (D:6)
  A wyvern zombie (D:4)
  A water moccasin skeleton (D:5)
  A wight (D:4)
  A bullfrog zombie (D:5)
  2 centaur skeletons
  A bullfrog skeleton (D:6)
  Terence (D:2)
  An iguana (D:5)
  A killer bee zombie (D:5)
  A howler monkey zombie (D:6)
  A gnoll (D:6)
  A howler monkey skeleton (D:5)
  6 adders
  A shadow imp (D:5)
  A dart slug (D:3)
  2 orcs (D:3)
  4 endoplasms
  3 giant cockroaches
  2 goblins
  5 hobgoblins
  2 jackals (D:3)
  2 quokkas
  4 ball pythons
  4 bats
  2 frilled lizards
  6 kobolds
  6 rats
78 creatures vanquished.

Vanquished Creatures (others)
  5 plants (D:2)
5 creatures vanquished.

Grand Total: 83 creatures vanquished

Notes
Turn   | Place    | Note
-------+----------+-------------------------------------------
     0 | D:1      | siradein the Gargoyle Fighter began the quest for the Orb.
     0 | D:1      | Reached XP level 1. HP: 14/14 MP: 1/1
   391 | D:1      | Reached XP level 2. HP: 19/19 MP: 2/2
  1076 | D:2      | Noticed Terence
  1783 | D:2      | Found a faded altar of an unknown god.
  1916 | D:2      | Killed Terence
  1917 | D:2      | Reached XP level 3. HP: 14/24 MP: 3/3
  2569 | D:3      | Noticed a water moccasin
  2579 | D:3      | Killed a water moccasin
  2580 | D:3      | Reached skill level 1 in Evocations
  2580 | D:3      | Reached XP level 4. HP: 21/29 MP: 4/4
  2580 | D:3      | Reached XP level 5. HP: 24/33 MP: 5/5
  3540 | D:4      | Noticed an ogre
  3571 | D:4      | Killed an ogre
  3572 | D:4      | Reached XP level 6. HP: 11/39 MP: 6/6
  3800 | D:4      | Noticed a necrophage
  3819 | D:4      | Killed a necrophage
  3861 | D:4      | Reached XP level 7. HP: 8/44 MP: 7/7
  4260 | D:4      | Reached skill level 5 in Armour
  4260 | D:4      | Reached skill level 5 in Shields
  4393 | D:4      | Reached skill level 5 in Fighting
  4691 | D:5      | Entered Level 5 of the Dungeon
  4792 | D:5      | Identified the +1 robe of the Nine Underlurkers {Int+9}
  5117 | D:5      | Reached XP level 8. HP: 44/49 MP: 8/8
  5162 | D:5      | Noticed Menkaure
  5176 | D:5      | Killed Menkaure
  5823 | D:6      | Noticed Duvessa
  5843 | D:6      | Killed Duvessa
  5844 | D:6      | Noticed Dowan
  5860 | D:6      | Killed Dowan
  6134 | D:6      | Reached skill level 5 in Maces & Flails
  6384 | D:6      | Noticed a green ugly thing
  6401 | D:6      | Reached XP level 9. HP: 53/56 MP: 7/9
  7044 | D:7      | Mangled by an ogre

Illustrated notes

Levels and vault maps discovered:
D:1:      psy_arrival_basics, layout_basic, chequers_serial_rivers_small_3,
          minmay_tetromino_o2
D:2:      layout_basic, hellmonk_ecumenical_altar_lost_god, serial_bayou,
          serial_bayou_pond_c, serial_bayou_shore_a, serial_bayou_lagoon_b,
          serial_bayou_crossing, uniq_terence
D:3:      layout_loops_corners
D:4:      layout_loops_cross, minmay_manual_monstrance
D:5:      layout_loops_ring, uniq_menkaure
D:6:      minmay_chambers_of_sixes, layout_rooms, uniq_duvessa
D:7:      layout_basic, minmay_temple_entry_overgrown, uniq_harold

Skill      XL: |  1  2  3  4  5  6  7  8 |
---------------+-------------------------+-----
Fighting       | 4 5 6 |  6.6
Maces & Flails | 3 4 5 |  5.5
Armour         | 4 5 6 |  6.6
Shields        | 4 5 6 |  6.6
Evocations     | 1 2 3 4 |  4.4

Action                   |  1- 3 |  4- 6 |  7- 9 || total
-------------------------+-------+-------+-------++-------
Melee: Flail             |    95 |    70 |   257 ||   422
 Abil: Evoke Invisibilit |       |       |     2 ||     2
Evoke: Wand              |       |     1 |       ||     1
  Use: Scroll            |       |     1 |     6 ||     7
Armor: Scale mail        |    38 |       |       ||    38
       Plate armour      |    20 |    35 |   180 ||   235
Dodge: Dodged            |    37 |    13 |    84 ||   134
Block: Buckler           |    28 |    17 |    78 ||   123

Table legend: (Time is in decaauts)
 A = Elapsed time spent in this place.
 B = Non-inter-level travel time spent in this place.
 C = Inter-level travel time spent in this place.
 D = Time resting spent in this place.
 E = Time spent auto-exploring this place.
 F = Levels seen in this place.
 G = Mean time per level.
                   A        B        C        D        E       F      G
               +--------+--------+--------+--------+--------+-----+--------+
         Total |   7177 |   7027 |    150 |    250 |   5226 |   7 | 1025.3 |
       Dungeon |   7177 |   7027 |    150 |    250 |   5226 |   7 | 1025.3 |
               +--------+--------+--------+--------+--------+-----+--------+

Top non-repeatable levels by time:
     D:1: 1382 daAuts
     D:5: 1345 daAuts
     D:4: 1299 daAuts
     D:2: 1055 daAuts
     D:3: 1049 daAuts
     D:6: 968 daAuts
     D:7: 76 daAuts
